 Dungeon Crawl Stone Soup version 0.26.1-2-gb8aa6d0cf2 (webtiles) character file.

Game seed: 4882428075928009202

5033 Pendragon the Spear-Bearer (level 10, -6/76 HPs)
             Began as a Demonspawn Gladiator on Mar 6, 2021.
             Was an Initiate of Gozag.
             Mangled by an orc warrior
             ... wielding a +2 flail of protection
             ... led by an orc warlord
              (15 damage)
             ... on level 1 of the Orcish Mines.
             The game lasted 00:44:56 (8930 turns).

Pendragon the Spear-Bearer (Demonspawn Gladiator)   Turns: 8930, Time: 00:44:56

Health: -6/76      AC: 23    Str: 16    XL:     10   Next: 30%
Magic:  0/10       EV:  7    Int: 10    God:    Gozag
Gold:   576        SH:  0    Dex: 18    Spells: 9/9 levels left

rFire    x x x     SeeInvis .   V - +1 hand axe (vamp)
rCold    . . .     Faith    .   (no shield)
rNeg     . . .     Spirit   +   B - +0 plate armour
rPois    .         Reflect  .   c - +0 helmet
rElec    x         Harm     .   (no cloak)
rCorr    .         Rampage  .   q - +2 pair of gloves
Will     .....                  (no boots)
Stlth    ..........             (no amulet)
HPRegen  0.22/turn              f - +4 ring of protection
MPRegen  0.24/turn              K - +4 ring of slaying

@: no status effects
A: hooves 1, molten scales 1, agile 1, wild magic 1, magic shield, magic
regeneration, [heat vulnerability 3], [electricity vulnerability]
a: Renounce Religion, Potion Petition, Call Merchant, Bribe Branch


You were on level 1 of the Orcish Mines.
You worshipped Gozag.
Gozag was pleased with you.
You visited 3 branches of the dungeon, and saw 9 of its levels.

You collected 732 gold pieces.
You paid 156 gold pieces to Gozag.

Inventory:

Hand Weapons
 e - a +3 trident
 j - a +0 scimitar
 s - a +0 war axe
 E - a +0 flail
 V - a +1 vampiric hand axe (weapon)
Missiles
 d - 3 throwing nets (quivered)
 i - 175 stones
Armour
 c - a +0 helmet (worn)
 q - a +2 pair of gloves (worn)
 B - a +0 plate armour (worn)
Jewellery
 b - an uncursed ring of ice
 f - a +4 ring of protection (left hand)
 K - a +4 ring of slaying (right hand)
 P - a +6 ring of dexterity {unknown}
 T - an uncursed ring of resist corrosion
Wands
 h - a wand of random effects (19)
 l - a wand of enslavement (4)
 M - a wand of disintegration (16)
 R - a wand of polymorph (4)
Scrolls
 a - a scroll of fear {unknown}
 m - 2 scrolls of identify
 v - a scroll of fog
 w - a scroll of magic mapping {unknown}
 z - 3 scrolls of teleportation
 D - a scroll of remove curse
Potions
 g - 2 potions of might
 n - 8 potions of curing
 t - 3 potions of degeneration
 C - a potion of lignification
 F - a potion of attraction
 L - 2 potions of flight
 X - 2 potions of haste


   Skills:
 + Level 6.1 Fighting
 + Level 2.0 Long Blades
 + Level 5.5(7.9) Axes
 + Level 8.6(9.4) Polearms
 + Level 1.9 Throwing
 + Level 6.3 Armour
 + Level 4.8 Dodging
 + Level 1.1 Stealth
 + Level 0.9 Shields
 + Level 0.6 Unarmed Combat


You had 9 spell levels left.
You didn't know any spells.
Your spell library was empty.

Dungeon Overview and Level Annotations

Branches:
Dungeon (9/15)             Temple (1/1) D:4             Orc (1/2) D:9
   Lair: D:8-11

Altars:
Ashenzari
Cheibriados
Dithmenos
Elyvilon
Fedhas
Gozag
Kikubaaqudgha
Makhleb
Nemelex Xobeh
Qazlal
Ru
Sif Muna
Vehumet
Wu Jian
Zin
The Shining One
Lugonu


Innate Abilities, Weirdness & Mutations

You have large cloven feet.
You are partially covered in molten scales. (AC +2)
When hurt, damage is shared between your health and your magic reserves.
You regenerate magic rapidly.
You are agile. (Dex +2)
Your spells are a little harder to cast, but a little more powerful.
[You are extremely vulnerable to heat. (rF---)]
[You are vulnerable to electric shocks.]


Message History

The ice devil hits you but does no damage.
The orc warrior barely misses you.
The orc wizard casts a cantrip, but nothing happens.
You closely miss the ice devil. Your kick misses the ice devil.
You hit the orc warrior but do no damage.
The ice devil barely misses you.
You completely miss the orc warrior. You hit the orc sorcerer.
Flame seeps out of the orc sorcerer.
You feel better.
You hit the ice devil but do no damage. The ice devil hits you!
The ice devil freezes you!
* * * LOW HITPOINT WARNING * * *
The orc warrior hits you with a +2 flail of protection.
* * * LOW HITPOINT WARNING * * *
The orc sorcerer is engulfed in blazing flames.
Flame seeps out of the orc sorcerer.
The orc sorcerer hits you with a +0 dagger.
* * * LOW HITPOINT WARNING * * *
The orc warrior hits you with a +2 flail of protection!
You die...
Your body crumbles into a pile of gold. #......... ####.#o...... ##.#...o..o... #..ooooo.o.... # ##.{oo#####.## # #4ooo#

##o.### #.o4## ##.@.#
$$ $$ #...# ###...##
#......##
###.......####
###............#
#.#............## .#
#.......##......##
..#
###.)..).#........###


You could see an orc warlord, a hellwing (summoned, inner flame), an ice devil
(summoned, inner flame), an orc sorcerer (inner flame, strong), 3 orc warriors,
an orc priest (inner flame) and 2 orc wizards.

Vanquished Creatures
  A two-headed ogre (D:9)
  An orc sorcerer (Orc:1)
  Maurice (D:8)
  A centaur skeleton (D:9)
  3 trolls
  A wind drake (D:9)
  A basilisk (D:9)
  Menkaure (D:7)
  2 sky beasts
  2 ice beasts
  A phantom (D:7)
  An eye of draining (D:9)
  2 centaurs
  4 ogres
  2 necrophages
  2 bullfrogs
  A gnoll sergeant (D:8)
  2 scorpions (D:4)
  7 wights (D:9)
  An electric eel (D:9)
  A quasit (D:9)
  3 jellies
  An orc priest (Orc:1)
  2 hounds (D:7)
  A bullfrog skeleton (D:9)
  4 orc wizards
  Terence (D:3)
  4 worker ants
  2 killer bee zombies
  2 hound skeletons
  3 gnolls (D:8)
  9 adders
  A howler monkey skeleton (D:9)
  A shadow imp (D:7)
  3 ufetubi
  2 oozes (D:1)
  An adder skeleton (D:4)
  3 dart slugs (D:1)
  4 leopard geckos
  19 orcs
  7 bats
  4 giant cockroaches
  4 goblins
  7 hobgoblins
  6 jackals
  11 kobolds
  2 quokkas
  A ball python (D:3)
  5 frilled lizards
  6 rats
  3 bushes (D:4)
160 creatures vanquished.

Vanquished Creatures (others)
  A quokka (D:2)
  2 demonic plants (Temple)
  18 plants
21 creatures vanquished.

Grand Total: 181 creatures vanquished

Notes
Turn   | Place    | Note
-------+----------+-------------------------------------------
     0 | D:1      | Pendragon the Demonspawn Gladiator began the quest for the
                  | Orb.
     0 | D:1      | Reached XP level 1. HP: 16/16 MP: 1/1
   126 | D:1      | Reached skill level 3 in Polearms
   131 | D:1      | Gained mutation: When hurt, damage is shared between your
                  | health and your magic reserves. [demonic ancestry]
   131 | D:1      | Reached XP level 2. HP: 22/22 MP: 2/2
   233 | D:1      | Reached XP level 3. HP: 27/27 MP: 3/3
   827 | D:2      | Found a broken altar of Ashenzari.
  1092 | D:2      | Found a white marble altar of Elyvilon.
  1156 | D:2      | Reached XP level 4. HP: 14/33 MP: 4/4
  1900 | D:2      | You fall into a shaft and drop 1 floor!
  1908 | D:3      | Noticed Terence
  1917 | D:3      | Killed Terence
  1918 | D:3      | Reached skill level 4 in Polearms
  2490 | D:3      | Found a sparkling altar of Nemelex Xobeh.
  2506 | D:3      | Found a stormy altar of Qazlal.
  2520 | D:3      | Noticed an air elemental
  2530 | D:3      | Noticed a fire elemental
  2530 | D:3      | Noticed a water elemental
  2530 | D:3      | Noticed an earth elemental
  2541 | D:3      | Reached XP level 5. HP: 36/38 MP: 5/5
  2547 | D:3      | Became a worshipper of Qazlal Stormbringer
  3108 | D:4      | Noticed an ogre
  3118 | D:4      | Reached skill level 1 in Armour
  3122 | D:4      | Killed an ogre
  3123 | D:4      | Gained mutation: You are partially covered in molten
                  | scales. (AC +2) [demonic ancestry]
  3123 | D:4      | Reached XP level 6. HP: 33/46 MP: 3/6
  3382 | D:4      | Reached skill level 5 in Polearms
  3793 | D:4      | Found a staircase to the Ecumenical Temple.
  3814 | Temple   | Entered the Ecumenical Temple
  3943 | D:4      | Found a snail-covered altar of Cheibriados.
  4182 | D:4      | You fall into a shaft and drop 3 floors!
  4211 | D:7      | Gained mutation: You regenerate magic rapidly. [demonic
                  | ancestry]
  4211 | D:7      | Reached XP level 7. HP: 48/52 MP: 7/7
  4261 | D:7      | Noticed Menkaure
  4269 | D:7      | Killed Menkaure
  4547 | D:7      | Reached skill level 6 in Polearms
  4587 | D:7      | Found a glowing silver altar of Zin.
  4740 | D:7      | Found a shadowy altar of Dithmenos.
  4803 | D:7      | Reached skill level 1 in Stealth
  5470 | D:7      | Gained mutation: You have large cloven feet. [demonic
                  | ancestry]
  5470 | D:7      | Reached XP level 8. HP: 56/60 MP: 6/8
  5776 | D:7      | Reached * piety under Qazlal
  5890 | D:8      | Noticed Maurice
  5920 | D:8      | Killed Maurice
  5921 | D:8      | Reached skill level 7 in Polearms
  6496 | D:8      | Reached skill level 8 in Polearms
  6561 | D:9      | Noticed a troll
  6569 | D:9      | Noticed a two-headed ogre
  6586 | D:9      | Reached skill level 5 in Fighting
  6586 | D:9      | Reached XP level 9. HP: 12/68 MP: 2/9
  6840 | D:9      | Reached skill level 5 in Armour
  6899 | D:9      | Killed a troll
  6900 | D:9      | Reached skill level 1 in Axes
  6909 | D:9      | Found an opulent altar of Gozag.
  6953 | D:9      | Fell from the grace of Qazlal
  6953 | D:9      | Became a worshipper of Gozag Ym Sagoz the Greedy
  7129 | D:9      | Killed a two-headed ogre
  7363 | D:9      | Reached skill level 5 in Axes
  7393 | D:9      | Reached XP level 10. HP: 68/76 MP: 8/10
  7816 | D:9      | Found an ornate altar of the Wu Jian Council.
  8316 | D:9      | Found a staircase to the Orcish Mines.
  8430 | D:9      | Found a shimmering blue altar of Sif Muna.
  8598 | Orc:1    | Entered Level 1 of the Orcish Mines
  8641 | Orc:1    | Noticed an orc sorcerer
  8679 | Orc:1    | Reached skill level 1 in Long Blades
  8682 | Orc:1    | Killed an orc sorcerer
  8904 | Orc:1    | Noticed an orc sorcerer
  8904 | Orc:1    | Noticed an orc warlord
  8927 | Orc:1    | Gained mutation: Your spells are a little harder to cast,
                  | but a little more powerful. [potion of mutation]
  8927 | Orc:1    | Gained mutation: You are agile. (Dex +2) [potion of
                  | mutation]
  8930 | Orc:1    | Mangled by an orc warrior

Illustrated notes

Levels and vault maps discovered:
D:1:      scummos_arrival_simple_crosswalls, layout_loops_ring
D:2:      kennysheep_six_static_rooms, layout_rooms, elyvilon_altar_4,
          marbit_many_paths
D:3:      layout_loops_cross, nemelex_xobeh_ov_fountains_minmay,
          nicolae_qazlal_style_of_elements, uniq_terence
D:4:      layout_loops_ring, cheibriados_altar_1,
          minmay_temple_entry_sparse_star, serial_forest,
          infiniplex_forest_end_double, infiniplex_forest_lined_2,
          infiniplex_forest_clump_medium, infiniplex_forest_straight_3,
          supply_closet_lemuel, minmay_between
D:7:      layout_gridville, lemuel_crystal_altar,
          grunt_dithmenos_smoke_and_mirrors, uniq_menkaure
D:8:      layout_loops_corners, kennysheep_little_box, serial_shops,
          shop_fountains, uniq_harold, uniq_erica, uniq_maurice
D:9:      layout_basic, grunt_gozag_breadcrumbs, lemuel_blue_sif_altar,
          nicolae_overflow_hidden_temple, enter_bailey_1, serial_bayou_lagoon_b
Temple:   corrupted_temple
Orc:1:    layout_diamond_mine, basic_altar, mines4_lemuel

Skill      XL: |  1  2  3  4  5  6  7  8  9 10 |
---------------+-------------------------------+-----
Polearms       | 3 4 5 6 8 |  8.6
Dodging        | 3 4 |  4.8
Armour         | 1 2 3 4 5 6 |  6.3
Fighting       | 3 4 5 6 |  6.1
Stealth        | 1 |  1.1
Axes           | 5 |  5.5
Long Blades    | 2 |  2.0
Throwing       | |  1.9
Shields        | |  0.9
Unarmed Combat | |  0.6

Action                   |  1- 3 |  4- 6 |  7- 9 | 10-12 || total
-------------------------+-------+-------+-------+-------++-------
Melee: Trident           |   134 |   283 |   170 |     8 ||   595
       Kick              |       |       |    65 |    38 ||   103
       Unarmed           |       |       |     4 |       ||     4
       Hand axe          |       |       |    59 |    34 ||    93
       War axe           |       |       |    42 |     5 ||    47
       Scimitar          |       |       |       |    53 ||    53
       Punch             |       |       |       |     1 ||     1
  Use: Scroll            |       |    12 |     5 |     2 ||    19
       Potion            |       |       |     3 |     1 ||     4
Armor: Leather armour    |    69 |       |       |       ||    69
       Ring mail         |     3 |    26 |       |       ||    29
       Scale mail        |       |    76 |    53 |       ||   129
       Plate armour      |       |       |   219 |   133 ||   352
       Skin              |       |       |     5 |       ||     5
Dodge: Dodged            |   143 |   132 |   145 |    74 ||   494
Block: Other             |       |       |     9 |       ||     9
       Rpst.: Scimitar   |       |       |       |    13 ||    13
